 Dungeon Crawl Stone Soup version 0.28-a0-8-g6e044cfa68 (webtiles) character file.

Game seed: 12788645897564600563

303 Gwenloh the Slasher (level 6, 0/47 HPs)
             Began as a Human Fighter on July 24, 2021.
             Was an Initiate of Wu Jian.
             Slain by a lemure (6 damage)
             ... led by Pikel
             ... on level 4 of the Dungeon.
             The game lasted 00:17:51 (3580 turns).

Gwenloh the Slasher (Human Fighter)                 Turns: 3580, Time: 00:17:52

Health: 0/47       AC:  7    Str: 17    XL:     6   Next: 66%
Magic:  6/6        EV:  7    Int:  8    God:    Wu Jian [......]
Gold:   134        SH:  9    Dex: 14    Spells: 5/5 levels left

rFire   . . .      SeeInvis .   a - +0 long sword
rCold   . . .      Faith    .   c - +0 kite shield
rNeg    . . .      Spirit   .   P - +0 scale mail
rPois   .          Reflect  .   (no helmet)
rElec   .          Harm     .   (no cloak)
rCorr   .          Rampage  .   l - +0 pair of gloves
Will    .....                   (no boots)
Stlth   ..........              (no amulet)
HPRegen 0.15/turn               (no ring)
MPRegen 0.10/turn               (no ring)

@: mighty
A: no striking features
a: Renounce Religion


You were on level 4 of the Dungeon.
You worshipped Wu Jian.
Wu Jian was noncommittal.
You visited 1 branch of the dungeon, and saw 4 of its levels.

You collected 134 gold pieces.

Inventory:

Hand Weapons
 a - a +0 long sword (weapon)
 b - a +0 hunting sling
 o - a +0 club
Missiles
 h - 129 stones (quivered)
 j - 32 bolts
 k - 3 javelins
 n - 19 sling bullets
 q - 3 boomerangs
Armour
 c - a +0 kite shield (worn)
 l - a +0 pair of gloves (worn)
 P - a +0 scale mail (worn)
Wands
 p - a wand of polymorph (1)
Scrolls
 e - a scroll of enchant armour {unknown}
 f - 3 scrolls of teleportation {unknown}
 i - 7 scrolls of identify {unknown}
 m - a scroll of noise {unknown}
 r - a scroll of brand weapon {unknown}
Potions
 g - a potion of brilliance {unknown}
 s - a potion of resistance


   Skills:
 - Level 3.0 Fighting
 + Level 6.5 Long Blades
 - Level 3.0 Armour
 - Level 3.0 Shields


You had 5 spell levels left.
You didn't know any spells.
Your spell library contained the following spells:

 Spells                   Type           Power      Damage    Failure   Level
 Animate Skeleton         Necr           0%         N/A       100%        1
 Apportation              Tloc           0%         N/A       100%        1
 Corona                   Hex            0%         N/A       100%        1
 Summon Small Mammal      Summ           0%         N/A       100%        1
 Ozocubu's Armour         Ice            0%         N/A       100%        3
 Metabolic Englaciation   Hex/Ice        0%         N/A       100%        5
 Simulacrum               Ice/Necr       0%         N/A       100%        6


Dungeon Overview and Level Annotations

Branches:
Dungeon (4/15)
 Temple: D:4-7

Altars:
Wu Jian

Shops:
D:2 =

Annotations:
D:3 2 transporters, sn0wgr3's ghost, weakling GrFi
D:4 Eustachio


Message History

The lemure is almost dead.
The lemure hits you!
* * * LOW HITPOINT WARNING * * *
You hit the lemure.
You kill the lemure!
That felt strangely unrewarding.
You barely miss the lemure. You block the lemure's attack. The lemure hits you.
* * * LOW HITPOINT WARNING * * *
You barely miss the lemure. You block the lemure's attack.
You hit the lemure.
The lemure is lightly wounded.
The lemure hits you but does no damage.
You closely miss the lemure.
The lemure is lightly wounded.
The lemure closely misses you.
You hit the lemure.
The lemure is moderately wounded.
You block the lemure's attack. The lemure hits you but does no damage.
You slash the lemure!
The lemure is heavily wounded.
The lemure hits you.
* * * LOW HITPOINT WARNING * * *
You slash the lemure!
The lemure is severely wounded.
You block the lemure's attack.
You slash the lemure!
You kill the lemure!
That felt strangely unrewarding.
You slash the lemure!
The lemure is heavily wounded.
The lemure barely misses you.
You hit the lemure but do no damage.
The lemure is heavily wounded.
The lemure hits you.
* * * LOW HITPOINT WARNING * * *
The lemure hits you but does no damage.
You closely miss the lemure.
The lemure is heavily wounded.
The lemure hits you.
You die...

............#....... #.
..........#.#...r...
###.
..........#.#.......
#...
..........#.#......[
#.#.
####'#..###.####+###
#.#. #.#..)........#
#.#. #.##.###.######
#.#. #....#
#.##################.#.
######
#....5@................
####################.##
#... ####


You could see a lemure.

Vanquished Creatures
  A black bear (D:4)
  2 lemures (D:4)
  An orc priest (D:4)
  Jessica (D:2)
  Ijyb (D:3)
  A hound skeleton (D:4)
  4 adders
  An ufetubus (D:3)
  A worm (D:3)
  3 dart slugs
  6 orcs
  5 ball pythons
  7 bats
  5 endoplasms
  3 giant cockroaches
  5 goblins
  5 hobgoblins (D:1)
  4 jackals
  2 quokkas (D:4)
  2 frilled lizards
  7 kobolds
  5 rats
72 creatures vanquished.

Notes
Turn   | Place    | Note
-------+----------+-------------------------------------------
     0 | D:1      | Gwenloh the Human Fighter began the quest for the Orb.
     0 | D:1      | Reached XP level 1. HP: 18/18 MP: 1/1
    81 | D:1      | Reached XP level 2. HP: 21/24 MP: 2/2
   300 | D:1      | Reached skill level 3 in Long Blades
   495 | D:1      | Reached XP level 3. HP: 27/29 MP: 3/3
  1027 | D:2      | Found Corisonn's Jewellery Shoppe.
  1373 | D:2      | Found a faded altar of an unknown god.
  1377 | D:2      | Reached skill level 4 in Long Blades
  1377 | D:2      | Reached XP level 4. HP: 35/35 MP: 4/4
  1436 | D:2      | Noticed Jessica
  1442 | D:2      | Killed Jessica
  1950 | D:3      | Found an ornate altar of the Wu Jian Council.
  1968 | D:3      | Became a worshipper of the Wu Jian Council
  1987 | D:3      | Found a transporter.
  1987 | D:3      | Noticed sn0wgr3's ghost (weakling GrFi)
  2019 | D:3      | Noticed Ijyb
  2083 | D:3      | Reached XP level 5. HP: 41/41 MP: 5/5
  2128 | D:3      | Killed Ijyb
  2129 | D:3      | Reached skill level 5 in Long Blades
  2169 | D:3      | Found a transporter.
  2876 | D:4      | Noticed Eustachio
  3025 | D:4      | Reached XP level 6. HP: 42/47 MP: 6/6
  3137 | D:4      | Noticed a black bear
  3152 | D:4      | Killed a black bear
  3153 | D:4      | Reached skill level 6 in Long Blades
  3580 | D:4      | Slain by a lemure

Illustrated notes

Levels and vault maps discovered:
D:1:      psy_arrival_conway, layout_rooms, skrybe_limestone_x
D:2:      layout_loops_ring, serial_shops, nicolae_shop_window_shopping,
          hellmonk_ecumenical_altar_slurped_away, lemuel_old_faithful,
          uniq_jessica
D:3:      layout_loops_ring, nzn_wu_jian_contemplation, gammafunk_ghost_arena,
          serial_park_tiny_pond, uniq_ijyb
D:4:      layout_basic, kennysheep_okawaru_gauntlet, uniq_pikel, uniq_eustachio

Skill      XL: |  1  2  3  4  5  6 |
---------------+-------------------+-----
Long Blades    | 3 4 5 6 |  6.5
Fighting       | |  3.0
Armour         | |  3.0
Shields        | |  3.0

Action                   |  1- 3 |  4- 6 || total
-------------------------+-------+-------++-------
Melee: Long sword        |    91 |   133 ||   224
       Unarmed           |       |    16 ||    16
 Fire: Hunting sling     |       |    44 ||    44
Throw: Stone             |    40 |     6 ||    46
       Javelin           |     2 |       ||     2
Invok: Lunge             |       |     4 ||     4
  Use: Potion            |       |     1 ||     1
Armor: Scale mail        |    45 |    54 ||    99
       Skin              |       |     9 ||     9
Dodge: Dodged            |    28 |    38 ||    66
Block: Kite shield       |    53 |    58 ||   111
       Rpst.: Long sword |    12 |    10 ||    22

Table legend: (Time is in decaauts)
 A = Elapsed time spent in this place.
 B = Non-inter-level travel time spent in this place.
 C = Inter-level travel time spent in this place.
 D = Time resting spent in this place.
 E = Time spent auto-exploring this place.
 F = Levels seen in this place.
 G = Mean time per level.
                   A        B        C        D        E       F      G
               +--------+--------+--------+--------+--------+-----+--------+
         Total |   3702 |   3439 |    263 |     20 |   2562 |   4 |  925.5 |
       Dungeon |   3702 |   3439 |    263 |     20 |   2562 |   4 |  925.5 |
               +--------+--------+--------+--------+--------+-----+--------+

Top non-repeatable levels by time:
     D:2: 991 daAuts
     D:1: 974 daAuts
     D:3: 961 daAuts
     D:4: 775 daAuts
